 Dungeon Crawl Stone Soup version 0.21.0-3-g78d12a8 (webtiles) character file.

34127 Gruud the Reanimator (level 13, -7/79 HPs)
             Began as a Demonspawn Necromancer on Jan 13, 2018.
             Was the Champion of Nemelex Xobeh.
             Killed by a card of wild magic (45 damage)
             ... on level 12 of the Dungeon on Jan 14, 2018.
             The game lasted 02:16:25 (17102 turns).

Gruud the Reanimator (Demonspawn Necromancer)      Turns: 17102, Time: 02:16:27

Health: -7/79      AC: 11    Str: 14    XL:     13   Next: 40%
Magic:  22/22      EV: 15    Int: 16    God:    Nemelex Xobeh [******]
Gold:   791        SH: 13    Dex: 14    Spells: 0/16 levels left

rFire    . . .     SeeInvis .     - Unarmed
rCold    + . .     Gourm    .   e - +0 buckler
rNeg     . . .     Faith    +   T - +2 ring mail {rPois}
rPois    +         Spirit   .   O - +0 helmet
rElec    .         Reflect  .   I - scarf {cloud immunity}
rCorr    .         Harm     .   (no gloves)
MR       +....                  Z - +0 pair of boots
Stlth    +++.......             N - amulet of faith
HPRegen  0.23/turn              L - ring of protection from magic
MPRegen  0.18/turn              V - ring of protection from cold

@: no status effects
A: claws 1, large bone plates 3, nightstalker 2, powered by pain 2
a: Triple Draw, Deal Four, Stack Five, Renounce Religion


You were on level 12 of the Dungeon.
You worshipped Nemelex Xobeh.
Nemelex Xobeh was exalted by your worship.
You were not hungry.

You visited 2 branches of the dungeon, and saw 18 of its levels.
You also visited: Sewer and Ice Cave.

You collected 1184 gold pieces.
You spent 393 gold pieces at shops.

Inventory:

Hand Weapons
 a - a +1 dagger of flaming
Armour
 e - a +0 buckler (worn)
 v - a +0 ring mail of cold resistance
 I - a scarf of cloud immunity (worn)
 O - a +0 helmet (worn)
 T - a +2 ring mail of poison resistance (worn)
 Z - a +0 pair of boots (worn)
Jewellery
 L - a ring of protection from magic (left claw)
 N - an amulet of faith (around neck)
 V - a ring of protection from cold (right claw)
Wands
 X - a wand of clouds (9)
Scrolls
 h - 2 scrolls of fear
 i - 5 scrolls of enchant armour
 m - 5 scrolls of enchant weapon
 o - 6 scrolls of remove curse
 t - 4 scrolls of identify
 x - 5 scrolls of teleportation
 E - a scroll of amnesia
 M - a scroll of blinking
Potions
 f - 5 potions of heal wounds
 g - 3 potions of haste
 n - 4 potions of agility
 p - 3 potions of curing
 r - 8 potions of might
 s - 3 potions of cancellation
 u - 2 potions of lignification
 z - a potion of invisibility
 A - a potion of ambrosia
 B - 5 potions of brilliance
 F - 4 potions of magic
 H - a potion of resistance
 K - a potion of mutation
Books
 b - a book of Necromancy

   Spells                             Type                      Level
   a - Pain                           Necromancy                   1
   b - Animate Skeleton               Necromancy                   1
   c - Vampiric Draining              Necromancy                   3
   d - Regeneration                   Charms/Necromancy            3
   e - Animate Dead                   Necromancy                   4
   f - Borgnjor's Vile Clutch         Necromancy/Earth             5
 d - the Volume of Destructive Summoning
   (You found it on level 4 of the Dungeon)

   Spells                             Type                      Level
   a - Summon Small Mammal            Summoning                    1
   b - Summon Ice Beast               Ice/Summoning                4
   c - Aura of Abjuration             Summoning                    5
   d - Orb of Destruction             Conjuration                  7
 J - a book of Party Tricks

   Spells                             Type                      Level
   a - Summon Butterflies             Summoning                    1
   b - Apportation                    Translocation                1
   c - Lesser Beckoning               Translocation                3
   d - Tukima's Dance                 Hexes                        3
   e - Alistair's Intoxication        Transmutation/Poison         5
   f - Invisibility                   Hexes                        6
Miscellaneous
 j - an ornate deck of summoning
 k - an ornate deck of destruction
 l - a legendary deck of destruction
 q - an ornate deck of escape
 w - an ornate deck of destruction {drawn: 1}
 y - an ornate deck of escape
 C - a legendary deck of summoning
 D - a plain deck of destruction
 G - a legendary deck of destruction {drawn: 4}
 P - an ornate deck of summoning
 R - a legendary deck of destruction
 S - a legendary deck of destruction
 U - a legendary deck of summoning
 Y - an ornate deck of summoning
Comestibles
 c - 19 rations
 W - 12 chunks of flesh


   Skills:
   Level 6.0 Long Blades
 + Level 8.0 Armour
 + Level 8.3 Dodging
 - Level 1.7 Stealth
 - Level 4.0 Shields
 * Level 8.7 Unarmed Combat
 - Level 2.0 Spellcasting
 - Level 13.0 Necromancy
 - Level 13.0 Invocations


You couldn't memorise any spells.
You knew the following spells:

 Your Spells              Type           Power        Failure   Level  Hunger
a - Borgnjor's Vile Clut  Necr/Erth      ###.......   56%         5    ######.
b - Animate Skeleton      Necr           N/A          1%          1    #......
c - Vampiric Draining     Necr           #####.....   1%          3    ###....
d - Regeneration          Chrm/Necr      ###.......   8%          3    ###....
e - Swiftness             Chrm/Air       #.......     50%         2    ###....
f - Passwall              Tmut/Erth      #.........   50%         2    ###....


Dungeon Overview and Level Annotations

Branches:
Dungeon (12/15)            Temple (0/1) D:6            Lair (6/6) D:8
 Shoals (0/4) Lair:3       Spider (0/4) Lair:2        Slime (0/5) Lair:5
    Orc (0/2) D:12

Altars:
Ashenzari
Gozag
Hepliaklqana
Makhleb
Nemelex Xobeh
Ru
Trog
Vehumet
Wu Jian
Yredelemnul

Shops:
D:5 [   D:6 ?

Portals:
Hell: Lair:6

Annotations:
D:8 exclusion: door
Lair:3 1 runed door


Innate Abilities, Weirdness & Mutations

You have sharp fingernails.
You are completely covered in large bone plates. (SH +8)
You are significantly more attuned to the shadows.
You sometimes gain power by taking damage.


Message History

You draw a card...
It is Vitriol.
You have drawn Vitriol.
Press: ? - help, Shift-Dir - straight line, f/p - gargoyle
Aim: a gargoyle, wielding a morningstar (almost destroyed)
The bolt of acid hits the gargoyle.
The gargoyle is splashed with acid.
You destroy the gargoyle!
The large slime creature completely misses you.
The large slime creature hits you!!
Unknown command.
You block the ice beast's attack.
Evoke which item? (* to show all) (? for menu, Esc to quit)
You draw a card...
It is Wild Magic.
The deck of cards disappears without a trace.
Venomous gases pour from the ice beast's front feet!
There is a sudden explosion of magical energy!
The explosion engulfs the large slime creature. x2
The explosion engulfs you!
Ouch! That really hurt!
You die...
Your body glows with a rainbow of weird colours and disappears.

# ####Z(......#
###.).###..##..
....####...# ..###
#Z.###......... ...#
##.Z# #.......... ...#
#..## #.§........ #..#
##..# #§.§#.......
#..###..#####..§.......#
....##.Z###.....@Y.§...#.
....>.....))...)JJ†).....
...####....###.)}...?....
#..# ##..## ##.§.§/.....
#.## ##.# ##......... #.#
#.. #........# #. #...
...####..## .. ..## #..##
..# .. #.. .#


You could see 2 large slime creatures and an ice beast.

Vanquished Creatures
  5 hydras
  A two-headed ogre (D:11)
  A sixfirhy (Lair:6)
  Pikel (D:6)
  A cyclops (D:11)
  6 elephants
  2 black mambas
  An ice statue (IceCv)
  A gargoyle (D:12)
  11 spiny frogs
  4 rime drakes
  A komodo dragon (Lair:2)
  2 ice devils (Lair:6)
  A troll (D:11)
  Prince Ribbit (D:7)
  4 hippogriffs
  A blink frog (Lair:2)
  3 slime creatures
  Sigmund (D:5)
  A wyvern (D:9)
  15 yaks
  2 hungry ghosts
  2 wargs
  Edmund (D:6)
  6 porcupines
  9 water moccasins
  2 hell hounds (Lair:6)
  A hornet zombie (D:10)
  3 ice beasts
  3 sky beasts
  4 orc warriors
  A phantom (D:7)
  3 slaves (D:6)
  2 necrophages (D:11)
  5 ogres
  13 wolves
  9 centaurs
  4 big kobolds
  9 crocodiles
  15 bullfrogs
  2 wyvern zombies
  5 crimson imps
  A centaur zombie (D:7)
  A quasit (D:10)
  5 bullfrog zombies
  3 hounds
  5 orc priests
  3 iguanas
  2 orc wizards
  7 worker ants
  3 hound skeletons (D:8)
  2 worker ant zombies
  A gnoll (D:7)
  A howler monkey skeleton (D:8)
  16 adders
  2 river rats
  A shadow imp (D:5)
  9 oozes
  3 adder zombies
  5 worms
  2 dart slugs
  9 leopard geckos
  26 orcs
  5 giant cockroaches
  9 hobgoblins
  19 jackals
  2 quokkas
  5 ball pythons
  8 bats
  9 frilled lizards
  A giant cockroach zombie (D:6)
  9 goblins
  23 kobolds
  A leopard gecko skeleton (D:6)
  A quokka zombie (D:8)
  9 rats
373 creatures vanquished.

Vanquished Creatures (collateral kills)
  Nessos (Lair:4)
  A dire elephant (Lair:6)
  Erica (Lair:1)
  2 catoblepae (Lair:5)
  A fire crab (Lair:6)
  A wizard (Lair:6)
  2 ugly things (IceCv)
  An ice statue (IceCv)
  5 elephants (Lair:5)
  The ghost of Scuka the Skirmisher, a novice BaFi (D:4)
  2 spiny frogs
  2 orange demons (Lair:6)
  2 rime drakes
  2 komodo dragons (Lair:5)
  A hellwing (Lair:6)
  A red devil (Lair:6)
  A polar bear (Lair:6)
  A troll (D:9)
  4 slime creatures (D:12)
  A hornet (Lair:5)
  4 blink frogs
  3 hippogriffs
  A basilisk (Lair:5)
  A fire elemental (Lair:4)
  8 yaks
  3 water moccasins
  2 hell hounds (Lair:6)
  3 porcupines
  3 orc warriors
  6 ice beasts (IceCv)
  A phantom (D:4)
  2 wolves (Lair:2)
  2 centaurs
  3 crocodiles
  A big kobold (D:11)
  A bullfrog (Lair:2)
  A scorpion (D:12)
  An orc priest (D:9)
  A bullfrog skeleton (D:12)
  3 jellies
  2 worker ants
  A worker ant zombie (D:10)
  2 gnolls (D:7)
  9 adders
  An ooze (Lair:5)
  2 worms (D:3)
  3 orcs
  A giant cockroach (D:1)
  A goblin (D:3)
  A hobgoblin (D:2)
  A jackal (D:11)
  7 kobolds
  A ball python (D:2)
  A bat (D:3)
  2 frilled lizards
  2 rats (D:1)
  8 fungi
  A plant (D:7)
129 creatures vanquished.

Vanquished Creatures (others)
  A bullfrog zombie (D:6)
  An orc wizard (D:4)
  An orc (D:4)
  8 fungi
  13 plants
24 creatures vanquished.

Grand Total: 526 creatures vanquished

Notes
Turn   | Place    | Note
-------+----------+-------------------------------------------
     0 | D:1      | Gruud the Demonspawn Necromancer began the quest for the Orb.
     0 | D:1      | Reached XP level 1. HP: 13/13 MP: 3/3
     5 | D:1      | Learned a level 1 spell: Animate Skeleton
    37 | D:1      | Found a sparkling altar of Nemelex Xobeh.
   167 | D:1      | Became a worshipper of Nemelex Xobeh the Trickster
   453 | D:1      | Received a gift from Nemelex Xobeh
   479 | D:1      | Gained mutation: You sometimes gain a little power by taking damage. [demonic ancestry]
   479 | D:1      | Reached XP level 2. HP: 19/19 MP: 5/5
   572 | D:1      | Reached skill level 5 in Necromancy
   698 | D:1      | Reached skill level 1 in Invocations
  1037 | D:1      | Gained mutation: You are partially covered in large bone plates. (SH +4) [demonic ancestry]
  1037 | D:1      | Reached XP level 3. HP: 6/24 MP: 0/6
  1202 | D:2      | Learned a level 3 spell: Vampiric Draining
  1582 | D:2      | Gained mutation: You have sharp fingernails. [demonic ancestry]
  1582 | D:2      | Reached XP level 4. HP: 24/30 MP: 1/7
  1825 | D:2      | Found a burning altar of Makhleb.
  1826 | D:2      | Gained mutation: You are mostly covered in large bone plates. (SH +6) [demonic ancestry]
  1826 | D:2      | Reached XP level 5. HP: 25/35 MP: 3/8
  1842 | D:2      | Learned a level 3 spell: Regeneration
  2027 | D:2      | Received a gift from Nemelex Xobeh
  2224 | D:3      | Reached * piety under Nemelex Xobeh
  2967 | D:4      | Received a gift from Nemelex Xobeh
  3076 | D:4      | Reached XP level 6. HP: 25/41 MP: 3/9
  3076 | D:4      | HP: 2/41 [card of wild magic (23)]
  3354 | D:4      | Found a basalt altar of Yredelemnul.
  3361 | D:4      | Noticed Scuka's ghost (novice BaFi)
  3403 | D:4      | Killed Scuka's ghost
  3403 | D:4      | Reached skill level 5 in Invocations
  3403 | D:4      | Gained mutation: You sometimes gain power by taking damage. [demonic ancestry]
  3403 | D:4      | Reached XP level 7. HP: 5/46 MP: 10/10
  3547 | D:4      | Reached ** piety under Nemelex Xobeh
  3550 | D:4      | Identified the Volume of Destructive Summoning
  3751 | D:5      | Entered Level 5 of the Dungeon
  3792 | D:5      | Noticed Sigmund
  3798 | D:5      | Killed Sigmund
  3831 | D:5      | Received a gift from Nemelex Xobeh
  3935 | D:5      | Found Wampeoxzi's Antique Armour Boutique.
  3978 | D:5      | Found a glowing drain.
  4009 | Sewer    | Entered a sewer
  4014 | Sewer    | Received a gift from Nemelex Xobeh
  4404 | Sewer    | Gained mutation: You are slightly more attuned to the shadows. [demonic ancestry]
  4404 | Sewer    | Reached XP level 8. HP: 48/52 MP: 2/13
  4816 | D:5      | Reached skill level 10 in Necromancy
  4881 | D:5      | Got a pitted spear
  4882 | D:5      | Identified the +8 spear of Resourcefulness {venom, +Fly rC+ Str+5 Stlth+} (You found it on level 5 of the Dungeon)
  4958 | D:5      | Found a shattered altar of Ashenzari.
  4980 | D:5      | Reached *** piety under Nemelex Xobeh
  5131 | D:5      | Bought a glowing scarf for 192 gold pieces
  5177 | D:6      | Found a radiant altar of Vehumet.
  5177 | D:6      | Noticed Edmund
  5251 | D:6      | Noticed Pikel
  5259 | D:6      | Killed Pikel
  5287 | D:6      | Killed Edmund
  5342 | D:6      | Reached XP level 9. HP: 21/57 MP: 15/15
  5379 | D:6      | Found a staircase to the Ecumenical Temple.
  5415 | D:6      | Found Ufesesch's Magic Scroll Boutique.
  5421 | D:6      | Bought a scroll of teleportation for 33 gold pieces
  5540 | D:6      | Received a gift from Nemelex Xobeh
  6116 | D:7      | Got a fine hand axe
  6117 | D:7      | Identified the +7 hand axe "Neshrooza" {drain, MR+ MP+9} (You found it on level 7 of the Dungeon)
  6232 | D:7      | Found a sacrificial altar of Ru.
  6339 | D:7      | Reached **** piety under Nemelex Xobeh
  6340 | D:7      | Noticed Prince Ribbit
  6352 | D:7      | Killed Prince Ribbit
  6352 | D:7      | Reached skill level 1 in Armour
  6921 | D:7      | Reached skill level 10 in Invocations
  7036 | D:8      | Received a gift from Nemelex Xobeh
  7146 | D:8      | Gained mutation: You are completely covered in large bone plates. (SH +8) [demonic ancestry]
  7146 | D:8      | Reached XP level 10. HP: 63/63 MP: 17/17
  7305 | D:8      | Found a staircase to the Lair.
  7652 | D:8      | Found an opulent altar of Gozag.
  7748 | D:9      | Received a gift from Nemelex Xobeh
  8007 | D:9      | Found a hazy altar of Hepliaklqana.
  8007 | D:9      | Found a bloodstained altar of Trog.
  8053 | D:9      | Reached skill level 1 in Long Blades
  8374 | D:9      | Reached ***** piety under Nemelex Xobeh
  8500 | D:9      | Received a gift from Nemelex Xobeh
  8608 | D:9      | Found an ornate altar of the Wu Jian Council.
  8784 | D:5      | Bought a runed ring mail for 168 gold pieces
  8904 | D:10     | Entered Level 10 of the Dungeon
  9769 | D:10     | Received a gift from Nemelex Xobeh
  9913 | D:11     | Noticed a cyclops
 10072 | D:11     | Killed a cyclops
 10101 | D:11     | Noticed a two-headed ogre
 10120 | D:11     | Reached XP level 11. HP: 56/68 MP: 19/19
 10130 | D:11     | Killed a two-headed ogre
 10133 | D:11     | Reached skill level 5 in Dodging
 10133 | D:11     | Reached skill level 5 in Long Blades
 10299 | D:11     | Received a gift from Nemelex Xobeh
 10382 | D:11     | Noticed an eight-headed hydra
 10394 | D:11     | Killed an eight-headed hydra
 10481 | D:11     | Received a gift from Nemelex Xobeh
 11046 | Lair:1   | Entered Level 1 of the Lair of Beasts
 11163 | Lair:1   | Reached skill level 5 in Armour
 11225 | Lair:1   | Received a gift from Nemelex Xobeh
 11391 | Lair:1   | Noticed a five-headed hydra
 11475 | Lair:1   | Killed a five-headed hydra
 11475 | Lair:1   | Reached skill level 1 in Unarmed Combat
 11510 | Lair:1   | Noticed Erica
 11524 | Lair:1   | Killed Erica
 12006 | Lair:2   | Noticed an eight-headed hydra
 12013 | Lair:2   | Killed an eight-headed hydra
 12240 | Lair:2   | Received a gift from Nemelex Xobeh
 12333 | Lair:2   | Reached ****** piety under Nemelex Xobeh
 12369 | Lair:2   | Received a gift from Nemelex Xobeh
 12498 | Lair:2   | Gained mutation: You are significantly more attuned to the shadows. [demonic ancestry]
 12498 | Lair:2   | Reached XP level 12. HP: 67/74 MP: 21/21
 12607 | Lair:2   | Learned a level 2 spell: Swiftness
 12654 | Lair:2   | Found a hole to the Spider Nest.
 12763 | Lair:2   | Noticed a six-headed hydra
 12773 | Lair:2   | Killed a six-headed hydra
 12931 | Lair:3   | Received a gift from Nemelex Xobeh
 12938 | Lair:3   | Found a staircase to the Shoals.
 13115 | Lair:3   | Reached skill level 5 in Unarmed Combat
 13191 | Lair:3   | Received a gift from Nemelex Xobeh
 13259 | Lair:3   | Found a frozen archway.
 13277 | IceCv    | Entered an ice cave
 13301 | IceCv    | Found a transporter.
 13535 | Lair:3   | Received a gift from Nemelex Xobeh
 13789 | Lair:3   | Found a runed door.
 13943 | Lair:4   | Received a gift from Nemelex Xobeh
 14076 | Lair:4   | Noticed Nessos
 14086 | Lair:4   | Killed Nessos
 14086 | Lair:4   | Reached skill level 1 in Shields
 14192 | Lair:4   | Received a gift from Nemelex Xobeh
 14476 | Lair:5   | Received a gift from Nemelex Xobeh
 14479 | Lair:5   | Found a staircase to the Slime Pits.
 14789 | Lair:5   | Noticed a catoblepas
 14794 | Lair:5   | Killed a catoblepas
 15170 | Lair:5   | Reached XP level 13. HP: 38/79 MP: 8/22
 15218 | Lair:5   | Received a gift from Nemelex Xobeh
 15228 | Lair:5   | Learned a level 5 spell: Borgnjor's Vile Clutch
 15231 | Lair:5   | Learned a level 2 spell: Passwall
 15368 | Lair:5   | Received a gift from Nemelex Xobeh
 15439 | Lair:6   | Entered Level 6 of the Lair of Beasts
 15731 | Lair:6   | Received a gift from Nemelex Xobeh
 16051 | Lair:6   | Received a gift from Nemelex Xobeh
 16181 | Lair:6   | Noticed a dire elephant
 16194 | Lair:6   | Killed a dire elephant
 16382 | Lair:6   | Found a burning altar of Makhleb.
 16503 | Lair:6   | Found a gateway to Hell.
 16960 | D:12     | Found a staircase to the Orcish Mines.
 17077 | D:12     | Received a gift from Nemelex Xobeh
 17102 | D:12     | Killed by a card of wild magic

Skill      XL: |  1  2  3  4  5  6  7  8  9 10 11 12 13 |
---------------+----------------------------------------+-----
Necromancy     | 5 6 7 8 9 11 12 13 | 13.0
Invocations    | 1 2 3 4 5 6 8 10 11 12 13 | 13.0
Dodging        | 3 4 6 7 8 |  8.3
Armour         | 2 4 6 7 8 |  8.0
Long Blades    | 4 6 |  6.0
Unarmed Combat | 4 7 8 |  8.7
Shields        | 3 4 |  4.0
Stealth        | |  1.7
Spellcasting   | |  2.0

Action                   |  1- 3 |  4- 6 |  7- 9 | 10-12 | 13-15 || total
-------------------------+-------+-------+-------+-------+-------++-------
Melee: Club              |     6 |       |       |       |       ||     6
       Dagger            |    19 |       |    18 |       |       ||    37
       Short sword       |    37 |   151 |       |       |       ||   188
       Flail             |       |    32 |   199 |       |       ||   231
       Spear             |       |       |   229 |   565 |       ||   794
       Unarmed           |       |       |       |   157 |   218 ||   375
       Punch             |       |       |       |    14 |     1 ||    15
 Fire: Blowgun           |       |       |    13 |       |       ||    13
 Cast: Pain              |    43 |    20 |    10 |       |       ||    73
       Animate Skeleton  |    20 |    34 |    35 |    69 |    21 ||   179
       Vampiric Draining |     1 |     7 |    24 |    68 |    10 ||   110
       Regeneration      |       |     4 |    27 |    83 |    30 ||   144
Evoke: Deck              |     3 |    11 |     5 |    37 |    24 ||    80
       Wand              |       |       |       |     3 |       ||     3
  Use: Scroll            |     3 |     7 |     8 |    11 |     3 ||    32
       Potion            |       |     1 |     1 |     2 |       ||     4
 Stab: Sleeping          |     3 |     2 |    21 |    28 |     3 ||    57
       Distracted        |       |     2 |     1 |     4 |     1 ||     8
       Petrifying        |       |       |       |     1 |     1 ||     2
       Petrified         |       |       |       |       |     5 ||     5
  Eat: Chunk             |     3 |     9 |    21 |    34 |    12 ||    79
       Ration            |       |       |       |     5 |     1 ||     6
Armor: Robe              |    12 |       |       |       |       ||    12
       Ring mail         |     8 |    78 |   119 |   181 |    30 ||   416
Dodge: Dodged            |    42 |    87 |   205 |   453 |    90 ||   877
Block: Other             |     7 |    56 |   150 |   294 |     4 ||   511
       Buckler           |       |       |       |       |   133 ||   133
